MWL (24 & UNDER)
EVANSTON ELITISTS @ MINNESOTA DEATH STARS
08/24/2029
 
TOP OF THE 1ST
Evanston Elitists batting - Pitching for Minnesota Death Stars : LHP Bobby MacGruder
Pitching: LHP Bobby MacGruder
Batting: RHB Henry Morris 0-0: Ground out 4-3 (Groundball, 4)
Batting: RHB Jorge Calderón 0-0: Called Strike
0-1: SINGLE (Line Drive, 89M)
Batting: LHB Jean-Sébastien Beaudin 0-0: Foul Ball, location: 2F
0-1: Foul Ball, location: 2F
0-2: Ball
1-2: Strikes out swinging
Batting: LHB Arthur Guzmán 0-0: Fly out, F8 (Flyball, 8RD)
Top of the 1st over - 0 runs, 1 hit, 0 errors, 1 left on base; Evanston 0 - Minnesota 0
BOTTOM OF THE 1ST
Minnesota Death Stars batting - Pitching for Evanston Elitists : RHP Jesús Cervantes
Pitching: RHP Jesús Cervantes
Batting: LHB Júlio Córdova 0-0: Foul Ball, location: 2F
0-1: Swinging Strike
0-2: Foul Ball, location: 2F
0-2: Ball
1-2: Strikes out looking
Batting: RHB Manuel Cintrón 0-0: Called Strike
0-1: Ball
1-1: Swinging Strike
1-2: Foul Ball, location: 2F
1-2: Strikes out swinging
Batting: LHB Jorge Gamboa 0-0: Ball
1-0: Ball
2-0: Foul Ball, location: 2F
2-1: Foul Ball, location: 2F
2-2: Strikes out swinging
Bottom of the 1st over - 0 runs, 0 hits, 0 errors, 0 left on base; Evanston 0 - Minnesota 0
TOP OF THE 2ND
Evanston Elitists batting - Pitching for Minnesota Death Stars : LHP Bobby MacGruder
Batting: RHB António Martínez 0-0: SINGLE (Groundball, 56D)
Batting: SHB Jacob Wilcox 0-0: Ball
1-0: Fly out, F3 (Popup, 3SF)
Batting: LHB Javier Mejía 0-0: Ball
1-0: Called Strike
1-1: SINGLE (Line Drive, 6D)
António Martínez to second
Batting: LHB George Flanagan 0-0: Ball
1-0: Swinging Strike
1-1: Ball
2-1: Foul Ball, location: 2F
2-2: Ball
3-2: Fly out, F9 (Flyball, 9S)
Batting: SHB Claas van der Kuijl 0-0: Called Strike
0-1: Foul Ball, location: 2F
0-2: Ball
1-2: Ball
2-2: Ball
3-2: Ground out 6-3 (Groundball, 6M)
Top of the 2nd over - 0 runs, 2 hits, 0 errors, 2 left on base; Evanston 0 - Minnesota 0
BOTTOM OF THE 2ND
Minnesota Death Stars batting - Pitching for Evanston Elitists : RHP Jesús Cervantes
Batting: LHB Chris Henry 0-0: Ball
1-0: Ball
2-0: Ball
3-0: Base on Balls
Batting: RHB Sidney Smith 0-0: SINGLE (Groundball, 6MD)
Chris Henry to second
Batting: LHB Larry Wright 0-0: Ball
1-0: Ball
2-0: Ball
3-0: Base on Balls
Chris Henry to third
Sidney Smith to second
Batting: RHB José Rosales 0-0: Ball
1-0: Foul Ball, location: 2F
1-1: Grounds into double play, 6-4-3 (Groundball, 6)
Chris Henry scores
Sidney Smith to third
Batting: LHB Jamie Walker 0-0: Ball
1-0: Fly out, F9 (Flyball, 9S)
Bottom of the 2nd over - 1 run, 1 hit, 0 errors, 1 left on base; Evanston 0 - Minnesota 1
TOP OF THE 3RD
Evanston Elitists batting - Pitching for Minnesota Death Stars : LHP Bobby MacGruder
Batting: RHB Henry Morris 0-0: Called Strike
0-1: Ball
1-1: Ball
2-1: SINGLE (Groundball, 34D)
Batting: RHB Jorge Calderón 0-0: Ball
1-0: Foul Ball, location: 2F
1-1: Called Strike
1-2: Ball
2-2: Foul Ball, location: 2F
2-2: Foul Ball, location: 2F
2-2: Strikes out looking
Batting: LHB Jean-Sébastien Beaudin 0-0: Ball
1-0: Ball
2-0: Foul Ball, location: 2F
2-1: Foul Ball, location: 2F
2-2: Ball
3-2: Strikes out swinging
Batting: LHB Arthur Guzmán 0-0: Ball
1-0: Ground out 5-3 (Groundball, 56S)
Top of the 3rd over - 0 runs, 1 hit, 0 errors, 1 left on base; Evanston 0 - Minnesota 1
BOTTOM OF THE 3RD
Minnesota Death Stars batting - Pitching for Evanston Elitists : RHP Jesús Cervantes
Batting: LHB William Harris 0-0: Called Strike
0-1: Ball
1-1: Ground out 4-3 (Groundball, 4)
Batting: LHB Júlio Córdova 0-0: Ball
1-0: Ball
2-0: Called Strike
2-1: Foul Ball, location: 2F
2-2: Ball
3-2: Strikes out swinging
Batting: RHB Manuel Cintrón 0-0: Called Strike
0-1: Called Strike
0-2: Ball
1-2: Strikes out swinging
Bottom of the 3rd over - 0 runs, 0 hits, 0 errors, 0 left on base; Evanston 0 - Minnesota 1
TOP OF THE 4TH
Evanston Elitists batting - Pitching for Minnesota Death Stars : LHP Bobby MacGruder
Batting: RHB António Martínez 0-0: Foul Ball, location: 2F
0-1: Foul Ball, location: 2F
0-2: Ball
1-2: Strikes out looking
Batting: SHB Jacob Wilcox 0-0: Called Strike
0-1: Ground out 4-3 (Groundball, 4S)
Batting: LHB Javier Mejía 0-0: Called Strike
0-1: Ball
1-1: Ball
2-1: Ball
3-1: Swinging Strike
3-2: Strikes out swinging
Top of the 4th over - 0 runs, 0 hits, 0 errors, 0 left on base; Evanston 0 - Minnesota 1
BOTTOM OF THE 4TH
Minnesota Death Stars batting - Pitching for Evanston Elitists : RHP Jesús Cervantes
Batting: LHB Jorge Gamboa 0-0: Called Strike
0-1: Ball
1-1: Swinging Strike
1-2: Ground out U3 (Groundball, 3)
Batting: LHB Chris Henry 0-0: Swinging Strike
0-1: Ball
1-1: Ball
2-1: Foul Ball, location: 2F
2-2: SINGLE (Groundball, 6D)
Batting: RHB Sidney Smith 0-0: Swinging Strike
0-1: Fielders Choice at 2nd, 5-4 (Groundball, 56)
Batting: LHB Larry Wright 0-0: Ball
1-0: Ball
2-0: Ball
3-0: Called Strike
3-1: Called Strike
3-2: Foul Ball, location: 2F
3-2: Foul Ball, location: 2F
3-2: Base on Balls
Sidney Smith to second
Batting: RHB José Rosales 0-0: Ball
1-0: Called Strike
1-1: Foul Ball, location: 2F
1-2: Foul Ball, location: 2F
1-2: Ground out 4-3 (Groundball, 34)
Bottom of the 4th over - 0 runs, 1 hit, 0 errors, 2 left on base; Evanston 0 - Minnesota 1
TOP OF THE 5TH
Evanston Elitists batting - Pitching for Minnesota Death Stars : LHP Bobby MacGruder
Batting: LHB George Flanagan 0-0: Called Strike
0-1: Ball
1-1: Swinging Strike
1-2: Ball
2-2: Strikes out looking
Batting: SHB Claas van der Kuijl 0-0: Ball
1-0: Ball
2-0: Called Strike
2-1: Fly out, F8 (Flyball, 8RM)
Batting: RHB Henry Morris 0-0: Called Strike
0-1: Ball
1-1: Ball
2-1: Ball
3-1: Base on Balls
Batting: RHB Jorge Calderón 0-0: Ball
1-0: Ball
2-0: Ball
3-0: Called Strike
3-1: Fly out, F4 (Popup, 4S)
Top of the 5th over - 0 runs, 0 hits, 0 errors, 1 left on base; Evanston 0 - Minnesota 1
BOTTOM OF THE 5TH
Minnesota Death Stars batting - Pitching for Evanston Elitists : RHP Jesús Cervantes
Batting: LHB Jamie Walker 0-0: Foul Ball, location: 2F
0-1: Foul Ball, location: 2F
0-2: Strikes out looking
Batting: LHB William Harris 0-0: Fly out, F4 (Popup, 23)
Batting: LHB Júlio Córdova 0-0: Ball
1-0: Ball
2-0: Foul Ball, location: 2F
2-1: Foul Ball, location: 2F
2-2: Foul Ball, location: 2F
2-2: Ball
3-2: Base on Balls
Batting: RHB Manuel Cintrón 0-0: Foul Ball, location: 2F
0-1: Swinging Strike
0-2: Strikes out swinging
Bottom of the 5th over - 0 runs, 0 hits, 0 errors, 1 left on base; Evanston 0 - Minnesota 1
TOP OF THE 6TH
Evanston Elitists batting - Pitching for Minnesota Death Stars : LHP Bobby MacGruder
Batting: LHB Jean-Sébastien Beaudin 0-0: Ball
1-0: Foul Ball, location: 2F
1-1: Ball
2-1: Foul Ball, location: 2F
2-2: SINGLE (Groundball, 34D)
Batting: LHB Arthur Guzmán 0-0: Foul Ball, location: 2F
0-1: DOUBLE (Groundball, 3L)
Jean-Sébastien Beaudin to third
Runner from 3rd tries for Home, SAFE, no throw
Batting: RHB António Martínez 0-0: Called Strike
0-1: SINGLE (Groundball, 4) (infield hit)
Arthur Guzmán to third
Batting: SHB Jacob Wilcox 0-0: Ball
1-0: Called Strike
1-1: Fly out, F8 (Flyball, 8LS)
Runner from 3rd tags up, SCORES, no throw
Pinch Runner at 1st Esteban Aliaga:
Batting: LHB Javier Mejía 0-0: Ball
1-0: Foul Ball, location: 2F
1-1: Ball
2-1: DOUBLE (Line Drive, 89D)
Esteban Aliaga to third
Batting: LHB George Flanagan 0-0: Intentional Walk
Batting: SHB Claas van der Kuijl 0-0: Ball
1-0: Grounds into double play, 5-2-3 (Groundball, 56)
Top of the 6th over - 2 runs, 4 hits, 0 errors, 2 left on base; Evanston 2 - Minnesota 1
BOTTOM OF THE 6TH
Minnesota Death Stars batting - Pitching for Evanston Elitists : RHP Jesús Cervantes
Now at SS: Esteban Aliaga
Batting: LHB Jorge Gamboa 0-0: Ball
1-0: Foul Ball, location: 2F
1-1: Ball
2-1: Ground out 3-1 (Groundball, 34)
Batting: LHB Chris Henry 0-0: Foul Ball, location: 2F
0-1: Ball
1-1: SINGLE (Line Drive, 78M)
Batting: RHB Sidney Smith 0-0: Called Strike
0-1: Ball
1-1: Ball
2-1: Ball
3-1: Foul Ball, location: 2F
3-2: Strikes out swinging
Batting: LHB Larry Wright 0-0: Ball
Chris Henry steals 2nd base
1-0: Ball
2-0: Ball
3-0: Base on Balls
Batting: RHB José Rosales 0-0: Ball
1-0: Ball
2-0: Ball
3-0: Called Strike
3-1: Base on Balls
Chris Henry to third
Larry Wright to second
Pitching: RHP Tim Lowry
Batting: LHB Jamie Walker 0-0: SINGLE (Line Drive, 56)
Chris Henry scores
Larry Wright to third
José Rosales to second
Batting: LHB William Harris 0-0: Ball
1-0: Foul Ball, location: 2F
1-1: Foul Ball, location: 2F
1-2: Fielders Choice at 2nd, 6-4 (Groundball, 6)
Bottom of the 6th over - 1 run, 2 hits, 0 errors, 3 left on base; Evanston 2 - Minnesota 2
TOP OF THE 7TH
Evanston Elitists batting - Pitching for Minnesota Death Stars : LHP Bobby MacGruder
Batting: RHB Henry Morris 0-0: Called Strike
0-1: Foul Ball, location: 2F
0-2: Ball
1-2: Strikes out swinging
Batting: RHB Jorge Calderón 0-0: Ball
1-0: Called Strike
1-1: Ball
2-1: Fly out, F8 (Flyball, 89XD)
Batting: LHB Jean-Sébastien Beaudin 0-0: Called Strike
0-1: Swinging Strike
0-2: DOUBLE (Flyball, 8RXD)
Batting: LHB Arthur Guzmán 0-0: Called Strike
0-1: Swinging Strike
0-2: Ball
1-2: Foul Ball, location: 2F
1-2: Ball
2-2: Strikes out looking
Top of the 7th over - 0 runs, 1 hit, 0 errors, 1 left on base; Evanston 2 - Minnesota 2
BOTTOM OF THE 7TH
Minnesota Death Stars batting - Pitching for Evanston Elitists : RHP Tim Lowry
Batting: LHB Júlio Córdova 0-0: Called Strike
0-1: Ball
1-1: Ground out 4-3 (Groundball, 4)
Batting: RHB Manuel Cintrón 0-0: SINGLE (Line Drive, 8LS)
Batting: LHB Jorge Gamboa 0-0: Fly out, F8 (Line Drive, 78D)
Batting: LHB Chris Henry 0-0: Called Strike
0-1: Ball
1-1: Ball
2-1: Swinging Strike
2-2: Strikes out looking
Bottom of the 7th over - 0 runs, 1 hit, 0 errors, 1 left on base; Evanston 2 - Minnesota 2
TOP OF THE 8TH
Evanston Elitists batting - Pitching for Minnesota Death Stars : LHP Bobby MacGruder
Pitching: RHP Alfredo Cabral
Batting: SHB Esteban Aliaga 0-0: Called Strike
0-1: Ball
1-1: Fly out, F8 (Flyball, 8RD)
Batting: SHB Jacob Wilcox 0-0: Ground out 4-3 (Groundball, 4)
Batting: LHB Javier Mejía 0-0: Ball
1-0: Ball
2-0: Swinging Strike
2-1: Swinging Strike
2-2: Ball
3-2: Base on Balls
Batting: LHB George Flanagan 0-0: Ball
1-0: Called Strike
1-1: SINGLE (Groundball, 4MD)
Javier Mejía to second
Runner from 2nd tries for 3rd, SAFE, no throw
Batting: SHB Claas van der Kuijl 0-0: Ball
1-0: Fly out, F8 (Flyball, 8LM)
Top of the 8th over - 0 runs, 1 hit, 0 errors, 2 left on base; Evanston 2 - Minnesota 2
BOTTOM OF THE 8TH
Minnesota Death Stars batting - Pitching for Evanston Elitists : RHP Tim Lowry
Pinch Hitting: LHB Shannon Hunter 0-0: Fly out, F8 (Flyball, 8LXD)
Batting: LHB Larry Wright 0-0: Called Strike
0-1: Ball
1-1: Called Strike
1-2: Fly out, F1 (Line Drive, 13S)
Batting: RHB José Rosales 0-0: Ball
1-0: Called Strike
1-1: Ball
2-1: Ground out 6-3 (Groundball, 56)
Bottom of the 8th over - 0 runs, 0 hits, 0 errors, 0 left on base; Evanston 2 - Minnesota 2
TOP OF THE 9TH
Evanston Elitists batting - Pitching for Minnesota Death Stars : RHP Alfredo Cabral
Pitching: RHP Carlos Hernández
Now at 3B: Jason Green
Pinch Hitting: RHB Troy Johnson 0-0: Ball
1-0: Called Strike
1-1: Ball
2-1: Foul Ball, location: 2F
2-2: Strikes out swinging
Batting: RHB Jorge Calderón 0-0: Ball
1-0: Ball
2-0: Ball
3-0: Called Strike
3-1: Base on Balls
Batting: LHB Jean-Sébastien Beaudin 0-0: Called Strike
0-1: Ball
1-1: Ball
2-1: Foul Ball, location: 2F
2-2: Strikes out swinging
Batting: LHB Arthur Guzmán 0-0: Ball
1-0: Foul Ball, location: 2F
1-1: Called Strike
1-2: Strikes out swinging, 2-3 out at first.
Top of the 9th over - 0 runs, 0 hits, 0 errors, 1 left on base; Evanston 2 - Minnesota 2
BOTTOM OF THE 9TH
Minnesota Death Stars batting - Pitching for Evanston Elitists : RHP Tim Lowry
Now at 3B: Troy Johnson
Batting: LHB Jamie Walker 0-0: Swinging Strike
0-1: Foul Ball, location: 2F
0-2: Hit by Pitch
Batting: LHB William Harris 0-0: Ball
1-0: Called Strike
1-1: Ground out 3-1 (Groundball, 34S)
Jamie Walker to second
Batting: LHB Júlio Córdova 0-0: Ball
1-0: Ground out U3 (Groundball, 34)
Jamie Walker to third
Batting: RHB Manuel Cintrón 0-0: Ball
1-0: Swinging Strike
1-1: Called Strike
1-2: Strikes out swinging
Bottom of the 9th over - 0 runs, 0 hits, 0 errors, 1 left on base; Evanston 2 - Minnesota 2
TOP OF THE 10TH
Evanston Elitists batting - Pitching for Minnesota Death Stars : RHP Carlos Hernández
Batting: SHB Esteban Aliaga 0-0: Ball
1-0: Called Strike
1-1: Called Strike
1-2: Foul Ball, location: 2F
1-2: Foul Ball, location: 2F
1-2: Ball
2-2: Ball
3-2: SINGLE (Groundball, P) (infield hit)
Batting: SHB Jacob Wilcox 0-0: Ball
1-0: Ball
2-0: Called Strike
2-1: Ball
3-1: Base on Balls
Esteban Aliaga to second
Batting: LHB Javier Mejía 0-0: DOUBLE (Line Drive, 9LM)
Esteban Aliaga scores
Jacob Wilcox to third
Runner from 3rd tries for Home, SAFE, throw made at trailing runner, OUT at third!
Batting: LHB George Flanagan 0-0: Called Strike
0-1: Ball
1-1: Called Strike
1-2: Ball
2-2: Strikes out swinging
Batting: SHB Claas van der Kuijl 0-0: Ball
1-0: Ball
2-0: Ball
3-0: Called Strike
3-1: Called Strike
3-2: Base on Balls
Batting: RHB Troy Johnson 0-0: Fielders Choice at 2nd, U4 (Groundball, 4M)
Top of the 10th over - 2 runs, 2 hits, 0 errors, 1 left on base; Evanston 4 - Minnesota 2
BOTTOM OF THE 10TH
Minnesota Death Stars batting - Pitching for Evanston Elitists : RHP Tim Lowry
Batting: LHB Jorge Gamboa 0-0: Ball
1-0: Foul Ball, location: 2F
1-1: Foul Ball, location: 2F
1-2: Ball
2-2: Foul Ball, location: 2F
2-2: Foul Ball, location: 2F
2-2: Foul Ball, location: 2F
2-2: Foul Ball, location: 2F
2-2: Foul Ball, location: 2F
2-2: Fly out, F7 (Flyball, 7LS)
Batting: LHB Chris Henry 0-0: Ball
1-0: Called Strike
1-1: Foul Ball, location: 2F
1-2: Ball
2-2: Fly out, F9 (Flyball, 89S)
Batting: RHB Jason Green 0-0: Called Strike
0-1: Swinging Strike
0-2: Ball
1-2: Ball
2-2: Ball
3-2: Base on Balls
Batting: LHB Larry Wright 0-0: Ball
1-0: Swinging Strike
1-1: Foul Ball, location: 2F
1-2: Ball
2-2: Strikes out swinging
Bottom of the 10th over - 0 runs, 0 hits, 0 errors, 1 left on base; Evanston 4 - Minnesota 2
Saturday, December 16th, 2017 - OOTP Baseball 18.8 Build 76